AoeStats
← SKULL_KNIGHT

Arabia

510903753Analyzed
1v1 RM · 16h ago on Oct 3, 2026· 25m 50s· 2 players
Game mode
Random Map
Map size
Tiny (2 player)
Population
200
Speed
Normal
Resources
Standard
Victory
Conquest
Starting age
Dark Age
Ending age
Imperial Age
RankedLock teamsTeams togetherTeam positionsShared explorationLock speedFull tech treeHidden civsTurbo modeCheats
Victory
Defeat
🇨🇴 Ethiopians · Colombia
1380
+17
🇲🇽 Turks · Mexico
1391
-17
SKULL_KNIGHT
7:04 Loom
10:04 Feudal Age
13:05 Padded Archer Armor
13:12 Fletching
16:24 Wheelbarrow
17:10 Padded Archer Armor
23:01 Castle Age
22:00 Gold Mining
21:56 Double-Bit Axe
23:08 Town Watch
23:03 Crossbowman
23:38 Bodkin Arrow
25:05 Leather Archer Armor
[DM]DanielSnake
6:47 Loom
10:33 Feudal Age
10:36 Man-at-Arms
11:45 Double-Bit Axe
19:40 Fletching
21:08 Padded Archer Armor
22:43 Town Watch
26:13 Castle Age
24:28 Gold Mining
25:43 Scale Barding Armor
Connection lost

Rejoining the realm…

Still unreachable

The connection could not be restored.

Session expired

The server has moved on; the page needs a fresh start.